AoeStats
← 恆浪蕩

MegaRandom

509294997Analyzed
4v4 RM · 4d ago on Sep 26, 2026· 45m 1s· 8 players
Game mode
Random Map
Map size
Large (8 player)
Population
200
Speed
Normal
Resources
Standard
Victory
Conquest
Starting age
Dark Age
Ending age
Imperial Age
RankedLock teamsTeams togetherTeam positionsShared explorationLock speedFull tech treeHidden civsTurbo modeCheats
Victory
Defeat
🇹🇼 Vietnamese · Taiwan
1696
+9
🇦🇷 Poles · Argentina
1659
+10
🇹🇼 Aztecs · Taiwan
1590
+13
🇹🇼 Portuguese · Taiwan
1579
+13
🇹🇷 Maya · Türkiye
1616
-15
🇩🇪 Gurjaras · Germany
1546
-12
🇺🇸 Bohemians · United States
1475
-9
🇺🇸 Burmese · United States
1466
-9
Thundernips, The Ultimate Gigolo
5:35 Loom
14:47 Feudal Age
21:56 Castle Age
22:01 Horse Collar
23:14 Heavy Plow
26:31 Wheelbarrow
26:48 Gold Mining
29:39 Imperial Age
28:44 Gold Shaft Mining
30:04 Fervor
30:14 Sanctity
31:22 Redemption
31:27 Block Printing
31:38 Illumination
31:48 Theocracy
31:38 Illumination
31:49 Theocracy
31:41 Guilds
34:45 Fletching
35:37 Town Watch
36:53 Atonement
38:30 Siege Engineers
40:17 Treadmill Crane
40:48 Masonry
40:58 Ballistics
41:39 Chemistry
DoubleZX
7:36 Loom
10:16 Feudal Age
14:36 Castle Age
13:01 Double-Bit Axe
17:27 Wheelbarrow
17:30 Horse Collar
17:38 Town Watch
24:10 Heavy Plow
24:15 Gold Mining
25:06 Stone Mining
29:38 Imperial Age
27:26 Hand Cart
27:55 Bow Saw
28:07 Scale Barding Armor
28:13 Forging
28:25 Treadmill Crane
29:11 Bloodlines
29:08 Fletching
31:23 Chemistry
31:02 Chain Barding Armor
31:21 Conscription
31:25 Husbandry
31:16 Elite Shrivamsha Rider
33:18 Murder Holes
35:10 Iron Casting
34:36 Scale Mail Armor
34:37 Arson
36:31 Gold Shaft Mining
36:32 Stone Shaft Mining
40:09 Light Cavalry
41:21 Chain Mail Armor
41:41 Plate Barding Armor
Sekov
0:37 Loom
10:41 Feudal Age
16:01 Castle Age
15:16 Double-Bit Axe
15:12 Horse Collar
15:44 Stone Mining
17:08 Bow Saw
17:05 Fletching
20:52 Bodkin Arrow
21:47 Padded Archer Armor
23:41 Leather Archer Armor
27:35 Ballistics
30:11 Wheelbarrow
30:06 Gold Mining
31:15 Thumb Ring
33:53 Imperial Age
32:17 Hand Cart
31:49 Town Watch
31:55 Town Watch
34:41 Bracer
35:42 Chemistry
35:44 Two-Man Saw
34:45 Heavy Plow
36:03 Elite Plumed Archer
37:15 Ring Archer Armor
36:20 Capped Ram
37:43 Conscription
39:24 Pikeman
40:05 Squires
40:30 Scale Mail Armor
40:41 Forging
41:00 Halberdier
43:11 Chain Mail Armor
43:32 Iron Casting
Gideon the Hero
5:32 Loom
12:04 Feudal Age
12:42 Double-Bit Axe
18:08 Castle Age
16:47 Horse Collar
18:27 Fletching
19:12 Bow Saw
19:04 Heavy Plow
20:04 Medium Warships
20:21 Pikeman
22:44 Town Watch
24:06 Bodkin Arrow
24:11 Padded Archer Armor
26:14 Fervor
27:27 Ballistics
26:37 Crossbowman
28:28 Sanctity
29:54 Chemistry
29:59 Leather Archer Armor
35:50 Imperial Age
35:07 Scale Mail Armor
35:18 Forging
35:10 Squires
34:55 Arson
36:15 Chain Mail Armor
37:46 Conscription
37:29 Arbalester
38:28 Elite Cannon Galleon
38:50 Fishing Lines
39:22 Bracer
39:56 Heavy Warships
41:06 Plate Mail Armor
41:10 Halberdier
44:56 Ring Archer Armor
43:48 Elite Skirmisher
45:25 Iron Casting
Kevin10_7414
13:25 Feudal Age
14:03 Fishing Lines
14:28 Double-Bit Axe
14:34 Horse Collar
17:42 Castle Age
18:38 Bow Saw
18:19 Gillnets
18:31 Heavy Plow
20:12 Wheelbarrow
19:44 Loom
24:26 Town Watch
25:10 Hand Cart
25:48 Ballistics
26:08 Medium Warships
31:12 Imperial Age
28:58 Scale Mail Armor
29:55 Chain Mail Armor
29:58 Squires
30:46 Gold Mining
30:46 Stone Mining
30:25 Man-at-Arms
31:25 Masonry
33:12 Chemistry
33:23 Forging
33:46 Plate Mail Armor
33:21 Man-at-Arms
35:02 Forging
36:39 Iron Casting
36:08 Elite Fire Lancer
36:34 Arson
37:26 Long Swordsman
38:23 Siege Engineers
37:40 Long Swordsman
39:43 Treadmill Crane
41:29 Coinage
41:00 Caravan
43:44 Banking
43:25 Guilds
默默默默默
7:10 Loom
10:12 Feudal Age
16:50 Wheelbarrow
21:34 Castle Age
19:25 Double-Bit Axe
19:22 Horse Collar
20:39 Forging
20:35 Scale Barding Armor
20:41 Bloodlines
21:38 Light Cavalry
22:58 Husbandry
24:47 Heavy Plow
28:13 Hand Cart
27:56 Gold Mining
29:40 Town Watch
34:33 Imperial Age
33:56 Chain Barding Armor
34:11 Iron Casting
33:37 Fletching
34:10 Chain Barding Armor
34:25 Iron Casting
34:51 Cavalier
36:57 Blast Furnace
36:45 Szlachta Privileges
37:01 Conscription
37:27 Stone Mining
39:08 Crop Rotation
38:40 Winged Hussar
40:53 Coinage
恆浪蕩
6:41 Loom
11:14 Feudal Age
15:23 Castle Age
13:35 Double-Bit Axe
13:39 Horse Collar
14:26 Gold Mining
14:59 Fletching
17:54 Crossbowman
21:56 Wheelbarrow
21:49 Bow Saw
24:06 Town Watch
25:08 Treadmill Crane
27:34 Hand Cart
31:35 Imperial Age
30:58 Thumb Ring
30:50 Bodkin Arrow
33:22 Chemistry
32:30 Scale Barding Armor
32:28 Bracer
32:55 Ballistics
34:24 Two-Man Saw
33:25 Heavy Plow
33:08 Arbalester
33:49 Padded Archer Armor
35:00 Leather Archer Armor
36:24 Ring Archer Armor
37:18 Siege Engineers
39:49 Capped Ram
41:12 Conscription
43:43 Murder Holes
43:59 Masonry
43:54 Town Patrol
45:23 Caravan
44:54 Elite Skirmisher
friend00792
9:10 Loom
10:56 Feudal Age
14:59 Castle Age
13:01 Double-Bit Axe
13:01 Horse Collar
16:02 Bow Saw
18:58 Sanctity
22:20 Wheelbarrow
22:20 Wheelbarrow
21:31 Town Watch
23:13 Fervor
25:04 Town Watch
28:21 Imperial Age
28:06 Hand Cart
27:42 Gold Mining
27:43 Stone Mining
28:53 Onager
31:02 Redemption
30:58 Heavy Plow
32:20 Chemistry
31:05 Pikeman
31:46 Scale Mail Armor
31:56 Forging
33:12 Squires
33:28 Chain Mail Armor
33:52 Ballistics
33:23 Fletching
34:05 Siege Engineers
35:35 Plate Mail Armor
38:08 Block Printing
37:54 Devotion
38:39 Caravan
38:59 Eagle Warrior
40:15 Iron Casting
41:48 Blast Furnace
40:44 Bodkin Arrow
42:24 Elite Eagle Warrior
43:47 Garland Wars
Connection lost

Rejoining the realm…

Still unreachable

The connection could not be restored.

Session expired

The server has moved on; the page needs a fresh start.